 Dungeon Crawl Stone Soup version 0.30.1-9-gdf580d7c3d (webtiles) character file.

Game seed: 6747552705917063383

38 Ironcache the Ruffian (level 3, -3/31 HPs)
             Began as a Ghoul Monk on Oct 8, 2023.
             Slain by Crazy Yiuf
             ... wielding a +4 quarterstaff of chaos
              (8 damage)
             ... on level 2 of the Dungeon.
             The game lasted 00:02:40 (1141 turns).

Ironcache the Ruffian (Ghoul Monk)                  Turns: 1141, Time: 00:02:41

Health: -3/31      AC: 13    Str: 16    XL:     3   Next: 43%
Magic:  2/2        EV:  5    Int:  5    God:
Gold:   126        SH:  0    Dex: 11    Spells: 2/2 levels left

rFire   . .          .
                       - Unarmed
rCold   + . .        (no shield)
rNeg    + + +        d - +0 plate armour
rPois   ∞            f - +0 helmet
rElec   .            j - +0 cloak
rCorr   .            (no gloves)
SInv    .            m - +0 pair of boots
Will    .....        (no amulet) Stlth
                     (no ring)
HPRegen 0.00/turn    (no ring)
MPRegen 0.08/turn

%: no passive effects
@: inhibited regen
A: claws 1, cold resistance 1, negative energy resistance 3, inhibited
regeneration, torment resistance 2, devour on kill
a: no special abilities


You were on level 2 of the Dungeon.
You visited 1 branch of the dungeon, and saw 2 of its levels.

You collected 126 gold pieces.

Inventory:

Missiles
 e - 5 javelins (quivered)
Armour
 a - a +0 robe
 c - an orb of light
 d - a +0 plate armour (worn)
 f - a +0 helmet (worn)
 j - a +0 cloak (worn)
 l - a +0 pair of gloves
 m - a +0 pair of boots (worn)
Scrolls
 g - 3 scrolls of identify {unknown}
 h - a scroll of poison {unknown}
 i - a scroll of fear {unknown}
 k - a scroll of teleportation {unknown}
Potions
 b - a potion of ambrosia


   Skills:
 + Level 3.6 Fighting
 + Level 1.0 Armour
 - Level 3.0 Dodging
 * Level 4.0 Unarmed Combat


You had 2 spell levels left.
You didn't know any spells.
Your spell library was empty.

Dungeon Overview and Level Annotations

Branches:
Dungeon (2/15)

Altars:

Shops:
D:1 (

Annotations:
D:2 Crazy Yiuf


Innate Abilities, Weirdness & Mutations

You are immune to poison.
You have sharp fingernails.
Your flesh is cold resistant. (rC+)
You are immune to negative energy. (rN+++)
You do not regenerate when monsters are visible.
You are immune to unholy pain and torment.
You thrive by killing the living.


Message History

The goblin is heavily wounded.
The goblin barely misses you.
You barely miss the goblin.
The goblin is heavily wounded.
The goblin hits you with a +0 club.
You scratch the goblin.
You kill the goblin!
No target in view!
No target in view!
You open the door. You scratch Crazy Yiuf.
Crazy Yiuf is lightly wounded.
Crazy Yiuf hits you with a +4 quarterstaff of chaos.
You convulse.
You closely miss Crazy Yiuf.
Crazy Yiuf is lightly wounded.
You scratch Crazy Yiuf.
Crazy Yiuf is moderately wounded.
Crazy Yiuf hits you but does no damage. You resist with some effort.
You scratch Crazy Yiuf but do no damage.
Crazy Yiuf is moderately wounded.
Crazy Yiuf barely misses you.
You scratch Crazy Yiuf but do no damage.
Crazy Yiuf is moderately wounded.
Crazy Yiuf screams, "Mugger!"
Crazy Yiuf hits you with a +4 quarterstaff of chaos.
You resist with some effort.
You scratch Crazy Yiuf.
Crazy Yiuf is severely wounded.
Crazy Yiuf drinks a potion.
Crazy Yiuf is healed!
You scratch Crazy Yiuf.
Crazy Yiuf is moderately wounded.
Crazy Yiuf hits you with a +4 quarterstaff of chaos!
* * * LOW HITPOINT WARNING * * *
Crazy Yiuf burns you.
* * * LOW HITPOINT WARNING * * *
You scratch Crazy Yiuf.
Crazy Yiuf is heavily wounded.
Crazy Yiuf hits you with a +4 quarterstaff of chaos!
You die...

##### #..)#
#...# ...
####### #g#
...... ♣♣@♣
#..... ♣.♣♣
#.#.#. ♣♣.♣
..... ♣.♣♣
#### #...
♣♣.♣♣ #..#
#... ♣...♣♣
#..# #.
♣....♣ #..##
#. #....#
#...# #.
#....####...#
#.


You could see Crazy Yiuf.

Vanquished Creatures
  An adder (D:2)
  3 ball pythons (D:1)
  3 endoplasms
  4 goblins
  3 hobgoblins (D:1)
  2 quokkas (D:2)
  6 bats
  2 kobolds
  4 rats
28 creatures vanquished.

Notes
Turn   | Place    | Note
-------+----------+-------------------------------------------
     0 | D:1      | Ironcache the Ghoul Monk began the quest for the Orb.
     0 | D:1      | Reached XP level 1. HP: 19/19 MP: 0/0
   269 | D:1      | Found Peipsiax's Weapon Emporium.
   310 | D:1      | Reached XP level 2. HP: 26/26 MP: 1/1
   783 | D:2      | Reached XP level 3. HP: 31/31 MP: 2/2
  1015 | D:2      | Reached skill level 1 in Armour
  1025 | D:2      | Reached skill level 4 in Unarmed Combat
  1079 | D:2      | Found a runed translucent door.
  1080 | D:2      | Noticed Crazy Yiuf
  1141 | D:2      | Slain by Crazy Yiuf

Illustrated notes

Levels and vault maps discovered:
D:1:      erik_arrival_blinker_ship, layout_loops_cross, serial_shops,
          nicolae_shop_rolling_square, minmay_heptomino_h4
D:2:      layout_basic, uniq_crazy_yiuf_cottage, uniq_natasha

Skill      XL: |  1  2  3 |
---------------+----------+-----
Dodging        | 3 |  3.0
Armour         | 1 |  1.0
Unarmed Combat | 4 |  4.0
Fighting       | |  3.6

Action                     || total
---------------------------++-------
  Melee: Unarmed           ||    84
         Punch             ||     2
 Armour: Plate armour      ||    59
         Robe              ||     1
  Dodge: Dodged            ||    19
